 Dungeon Crawl Stone Soup version 0.19.1 (webtiles) character file.

35 Peloso the Skirmisher (level 3, -1/31 HPs)
             Began as a Ghoul Fighter on Dec 8, 2016.
             Slain by a hobgoblin (5 damage)
             ... led by Robin
             ... on level 2 of the Dungeon.
             The game lasted 00:01:41 (978 turns).

Peloso the Skirmisher (Ghoul Fighter)                Turns: 978, Time: 00:01:42

Health: -1/31      AC:  6    Str: 19    XL:     3   Next: 35%
Magic:  2/2        EV:  7    Int:  3    God:
Gold:   51         SH:  8    Dex:  9    Spells: 0 memorised, 2 levels left

rFire  . . .     SeeInvis .     a - +0 long sword
rCold  + . .     Gourm    .     b - +0 scale mail
rNeg   + + +     Faith    .     c - +0 shield
rPois  ∞         Spirit   .     (no helmet)
rElec  .         Reflect  .     (no cloak)
rCorr  .         Harm     .     (no gloves)
MR     .....                    (no boots)
Stlth  ..........               (no amulet)
                                (no ring)
                                (no ring)

@: rotting
A: rotting body, claws 1, carnivore 3, cold resistance 1, negative energy
resistance 3, slow regeneration 1, torment resistance, unbreathing
a: no special abilities


You were on level 2 of the Dungeon.
You were not hungry.

You visited 1 branch of the dungeon, and saw 2 of its levels.

You collected 51 gold pieces.

Inventory:

Hand Weapons
 a - a +0 long sword (weapon)
Armour
 b - a +0 scale mail (worn)
 c - a +0 shield (worn)
Jewellery
 k - an uncursed ring of ice {unknown}
Scrolls
 e - a scroll of recharging {unknown}
 i - a scroll of blinking {unknown}
 j - a scroll of identify {unknown}
 l - a scroll of magic mapping {unknown}
Potions
 d - a potion of might
 g - 2 potions of experience {unknown}
 h - a potion of flight {unknown}
Comestibles
 f - a meat ration
 m - 2 chunks of flesh


   Skills:
 + Level 3.6 Fighting
 + Level 2.1 Long Blades
 + Level 3.1 Armour
 + Level 0.2 Stealth
 + Level 3.0 Shields


You had 2 spell levels left.
You didn't know any spells.

Dungeon Overview and Level Annotations

Branches:
Dungeon (2/15)

Altars:

Annotations:
D:2 Robin


Innate Abilities, Weirdness & Mutations

Your body is rotting away.
You thrive on raw meat.
You are immune to poison.
You have sharp fingernails.
You are carnivorous and can eat meat at any time.
Your flesh is cold resistant. (rC+)
You are immune to negative energy. (rN+++)
You regenerate slowly when monsters are visible.
You are immune to unholy pain and torment.
You can survive without breathing.


Message History

The hobgoblin hits you. The goblin hits you but does no damage.
You block the goblin's attack.
Unknown command.
You miss the goblin.
The goblin is severely wounded.
The hobgoblin hits you.
* * * LOW HITPOINT WARNING * * *
You block the goblin's attack. x2
Robin roars a battlecry!
The goblin goes into a battle-frenzy!
The hobgoblin hits you.
* * * LOW HITPOINT WARNING * * *
The goblin shouts!
You hear a shout!
Unknown command.
You miss the goblin.
The goblin is severely wounded.
The goblin no longer looks unusually strong. x2
The goblin hits you but does no damage. You block the goblin's attack.
The hobgoblin hits you.
You die...

#.#
#.....####.....#
#.####.#####
#..##.# #.##.).#
....# ..
#..#.### ..##..
. ##...# ...#
#... . ##..##
.## ..##.
####...# . ###
.#
#.....#####..#
###.###.#@g...#
#.....#ggg######
#####..gggg.w...
####gg######
#..# #..# .g...
#g(g..# ....###


You could see Robin, 2 hobgoblins and 10 goblins.

Vanquished Creatures
  An ooze (D:2)
  A dart slug (D:1)
  2 leopard geckos (D:1)
  5 hobgoblins
  7 kobolds
  4 bats
  3 goblins
  6 rats
29 creatures vanquished.

Notes
Turn   | Place    | Note
-------+----------+-------------------------------------------
     0 | D:1      | Peloso the Ghoul Fighter began the quest for the Orb.
     0 | D:1      | Reached XP level 1. HP: 19/19 MP: 0/0
   115 | D:1      | Reached XP level 2. HP: 22/26 MP: 1/1
   644 | D:1      | Reached XP level 3. HP: 30/30 MP: 2/2
   740 | D:1      | You fall through a shaft!
   967 | D:2      | Noticed Robin
   978 | D:2      | Slain by a hobgoblin

Skill      XL: |  1  2  3 |
---------------+----------+-----
Armour         | 3 |  3.1
Long Blades    | 2 |  2.1
Shields        | 3 |  3.0
Fighting       | |  3.6
Stealth        | |  0.2

Action                   || total
-------------------------++-------
Melee: Long sword        ||    97
  Eat: Chunk             ||     1
Armor: Scale mail        ||    51
Dodge: Dodged            ||    48
Block: Shield            ||    50
       Rpst.: Long sword ||    18
